 Dungeon Crawl Stone Soup version 0.20.1-1-g8b1a95d (webtiles) character file.

83 topson the Skirmisher (level 4, 0/40 HPs)
             Began as a Hill Orc Fighter on July 16, 2017.
             Slain by Crazy Yiuf
             ... wielding a +2 quarterstaff of chaos
              (9 damage)
             ... on level 3 of the Dungeon.
             The game lasted 00:16:51 (1556 turns).

topson the Skirmisher (Hill Orc Fighter)            Turns: 1556, Time: 00:16:52

Health: 0/40       AC:  7    Str: 19    XL:     4   Next: 44%
Magic:  4/4        EV:  7    Int:  8    God:
Gold:   82         SH:  9    Dex: 10    Spells: 3/3 levels left

rFire    . . .     SeeInvis .   a - +0 long sword
rCold    . . .     Gourm    .   c - +0 shield
rNeg     . . .     Faith    .   b - +0 scale mail
rPois    .         Spirit   .   (no helmet)
rElec    .         Reflect  .   (no cloak)
rCorr    .         Harm     .   (no gloves)
MR       .....                  (no boots)
Stlth    ..........             (no amulet)
Regen    0.2/turn               (no ring)
MPRegen  0.1/turn               (no ring)

@: lethally poisoned (0 -> -5), starving, slowed, very slow
A: no striking features
a: no special abilities


You were on level 3 of the Dungeon.
You were starving.

You visited 1 branch of the dungeon, and saw 3 of its levels.

You collected 82 gold pieces.

Inventory:

Hand Weapons
 a - a +0 long sword (weapon)
 e - a +0 club
Missiles
 g - 36 arrows
 h - 4 poisoned needles
Armour
 b - a +0 scale mail (worn)
 c - a +0 shield (worn)
 r - a +0 pair of boots
Jewellery
 o - an uncursed ring of protection from cold {unknown}
Scrolls
 j - a scroll of teleportation {unknown}
 l - 2 scrolls of magic mapping
 m - a scroll of remove curse {unknown}
 n - a scroll of recharging {unknown}
 s - a scroll of identify {unknown}
 w - a scroll of enchant armour {unknown}
Potions
 d - a potion of might
 k - a potion of heal wounds {unknown}
 p - a potion of resistance {unknown}
 q - a potion of haste {unknown}
 t - 2 potions of agility
 v - a potion of flight {unknown}
Books
 u - a book of the Dragon

   Spells                             Type                      Level
   a - Flame Tongue                   Conjuration/Fire             1
   b - Cause Fear                     Hexes                        4
   c - Bolt of Fire                   Conjuration/Fire             6
   d - Dragon Form                    Transmutation                7
   e - Dragon's Call                  Summoning                    9
Comestibles
 f - 2 bread rations
 i - a royal jelly


   Skills:
 + Level 4.2 Fighting
 + Level 3.4 Long Blades
 + Level 3.8 Armour
 + Level 0.1 Dodging
 + Level 3.9 Shields


You had 3 spell levels left.
You didn't know any spells.

Dungeon Overview and Level Annotations

Branches:
Dungeon (3/15)

Altars:
Kikubaaqudgha
Nemelex Xobeh
Yredelemnul

Annotations:
D:3 Crazy Yiuf


Message History

Crazy Yiuf cries, "You leg down broken song, no?"
Crazy Yiuf drinks a potion.
Crazy Yiuf flickers and vanishes!
Deactivating autopickup; reactivate with Ctrl-A.
Found a mace.
There is an open door here.
Something hits you.
Your shield and scale mail prevent you from hitting something.
Something hits you.
You hit something. Something hits you but does no damage.
You feel yourself slow down. Something hits you. Something freezes you.
You miss something. Something hits you! Something freezes you.
Something hits you but does no damage.
You are poisoned.
There is an open door here.
You barely miss something.
You feel sick. You block something's attack.
You barely miss something.
You feel sick. Something hits you but does no damage. Something hits you!
Something burns you.
* * * LOW HITPOINT WARNING * * *
You feel sick. Something hits you!
You die...

...........#
#....#
..####.#.###
##..##
..##.......#
♣..PP♣
..##.....#.#
♣..P♣♣
..##.....#.#
♣♣.♣♣
..##.....#.#
♣.♣♣
..##.......#
♣♣.♣
..##.....###
♣.♣♣
..##.....#
♣♣@♣
(.##.....#
##'##
..##.....# #
#...#
..#......#.#
#...#
..#........#
#..)#
..#(......##
#####
..)÷.......#
...÷......##
#.........#


There were no monsters in sight!

Vanquished Creatures
  A worker ant (D:3)
  An adder (D:3)
  An ooze (D:3)
  2 worms (D:2)
  2 dart slugs (D:1)
  A leopard gecko (D:2)
  An orc (D:3)
  A bat zombie (D:2)
  2 giant cockroaches (D:2)
  A goblin (D:1)
  3 hobgoblins
  2 jackals (D:1)
  5 kobolds
  3 bats
  6 frilled lizards
  4 rats
  A rat zombie (D:2)
37 creatures vanquished.

Notes
Turn   | Place    | Note
-------+----------+-------------------------------------------
     0 | D:1      | topson the Hill Orc Fighter began the quest for the Orb.
     0 | D:1      | Reached XP level 1. HP: 19/19 MP: 1/1
   337 | D:1      | Reached XP level 2. HP: 25/27 MP: 2/2
   583 | D:2      | Reached skill level 4 in Fighting
   644 | D:2      | Found a sparkling altar of Nemelex Xobeh.
   719 | D:2      | Reached XP level 3. HP: 32/33 MP: 3/3
   891 | D:2      | Found a basalt altar of Yredelemnul.
  1094 | D:2      | Found an ancient bone altar of Kikubaaqudgha.
  1455 | D:3      | Reached XP level 4. HP: 31/40 MP: 4/4
  1543 | D:3      | Found a runed door.
  1547 | D:3      | Noticed Crazy Yiuf
  1556 | D:3      | Slain by Crazy Yiuf

Skill      XL: |  1  2  3 |
---------------+----------+-----
Fighting       | 4 |  4.2
Long Blades    | 3 |  3.4
Armour         | |  3.8
Dodging        | |  0.1
Shields        | |  3.9

Action                   |  1- 3 |  4- 6 || total
-------------------------+-------+-------++-------
Melee: Long sword        |   125 |    20 ||   145
  Use: Scroll            |     1 |       ||     1
Armor: Scale mail        |    62 |    10 ||    72
Dodge: Dodged            |    54 |     7 ||    61
Block: Shield            |    81 |     7 ||    88
       Rpst.: Long sword |    16 |     2 ||    18
